 Dungeon Crawl Stone Soup version 0.31-a0-187-gba352fbbf7 (webtiles) character file.

Game seed: 8605250610922787439

30 qw the Shooter (level 3, -3/20 HPs)
             Began as a Deep Elf Hunter on June 22, 2023.
             Slain by a sleepcap (4 damage)
             ... on level 2 of the Dungeon.
             The game lasted 00:00:20 (929 turns).

qw the Shooter (Deep Elf Hunter)                     Turns: 929, Time: 00:00:20

Health: -3/20      AC:  6    Str: 10    XL:     3   Next: 3%
Magic:  5/5        EV: 11    Int: 13    God:
Gold:   44         SH:  0    Dex: 18    Spells: 2/2 levels left

rFire   . . .        Y - +0 shortbow
rCold   . . .        (shield currently unavailable)
rNeg    . . .        d - +0 ring mail
rPois   .            (no helmet)
rElec   .            e - +0 cloak
rCorr   .            (no gloves)
SInv    .            (no boots)
Will    .....        (no amulet)
Stlth   +            (no ring)
HPRegen 0.23/turn    (no ring)
MPRegen 0.09/turn

%: no passive effects
@: no status effects
A: no striking features
a: no special abilities


You were on level 2 of the Dungeon.
You visited 1 branch of the dungeon, and saw 2 of its levels.

You collected 44 gold pieces.


   Skills:
 - Level 1.5 Fighting
 + Level 6.6 Ranged Weapons
 - Level 2.4 Dodging
 - Level 1.2 Stealth


You had 2 spell levels left.
You didn't know any spells.
Your spell library was empty.

Inventory:

Hand Weapons
 Y - a +0 shortbow (weapon)
Armour
 d - a +0 ring mail (worn)
 e - a +0 cloak (worn)
Jewellery
 i - a ring of fire
Potions
 f - a potion of might {unknown}
 g - a potion of heal wounds {unknown}
 j - 2 potions of haste {unknown}

Dungeon Overview and Level Annotations

Branches:
Dungeon (2/15)

Altars:


Message History

You shoot an arrow.
The arrow barely misses the frilled lizard.
You shoot an arrow. The arrow hits the frilled lizard!
You kill the frilled lizard!
You have reached level 3!
Your experience leads to an increase in your attributes!
Increase (S)trength, (I)ntelligence, or (D)exterity?
You feel stronger. x2
You see here a frilled lizard corpse.
An endoplasm and a goblin come into view.
The goblin shouts!
The endoplasm quivers.
You shoot an arrow. The arrow hits the goblin!
You kill the goblin!
A sleepcap comes into view.
You shoot an arrow. The arrow hits the sleepcap!
The sleepcap is moderately damaged.
You shoot an arrow. The arrow hits the sleepcap.
The sleepcap is heavily damaged.
The sleepcap barely misses you. The sleepcap releases spores at you.
You shoot an arrow. The arrow hits the sleepcap.
The sleepcap is heavily damaged.
The sleepcap closely misses you.
You shoot an arrow. The arrow hits the sleepcap!
The sleepcap is severely damaged.
The sleepcap releases spores at you.
You are engulfed in a cloud of soporific spores!
You fall asleep.
The sleepcap releases spores at you!
You wake up.
You are engulfed in a cloud of soporific spores!
You are unaffected.
You shoot an arrow.
The arrow hits the sleepcap but does no damage.
The sleepcap is severely damaged.
The sleepcap releases spores at you.
You shoot an arrow. The arrow hits the sleepcap.
The sleepcap is almost destroyed.
The sleepcap releases spores at you but does no damage.
The sleepcap releases spores at you.
You die...

######### #.......#
#.#####.###### #...%..#
##### ###..###.# #....
#. #....# #[#####.###
#.).##.#..###..........
#.....@.......###.....#
#.#.##f######## ##..<##
# .J. ##.... .#.##
#.### ..#.# #.# #. ...
#+# .. ... ## ...


You could see a sleepcap and an endoplasm.

Vanquished Creatures
  3 endoplasms (D:1)
  A giant cockroach (D:1)
  3 goblins
  A hobgoblin (D:1)
  4 jackals (D:1)
  3 kobolds
  2 ball pythons
  6 bats (D:1)
  2 frilled lizards
  A rat (D:1)
26 creatures vanquished.

Notes
Turn   | Place    | Note
-------+----------+-------------------------------------------
     0 | D:1      | qw the Deep Elf Hunter began the quest for the Orb.
     0 | D:1      | Reached XP level 1. HP: 12/12 MP: 3/3
     0 | D:1      | 0 ||| qw: Version: 0.3-a-9-g12657ce
     0 | D:1      | 0 ||| qw: Game counter: 2433
     0 | D:1      | 0 ||| qw: Always use a shield: true
     0 | D:1      | 0 ||| qw: God list: Okawaru
     0 | D:1      | 0 ||| qw: Allow faded altars: false
     0 | D:1      | 0 ||| qw: Do Orc after D:15 true
     0 | D:1      | 0 ||| qw: Do second Lair branch before Depths: true
     0 | D:1      | 0 ||| qw: Lair rune preference: random
     0 | D:1      | 0 ||| qw: Plans: Normal
     0 | D:1      | 0 ||| PLANNING D:1-11
   239 | D:1      | 239 ||| Stepping ~*~*~tactically~*~*~ (water).
   244 | D:1      | Reached XP level 2. HP: 16/16 MP: 4/4
   252 | D:1      | 252 ||| Stepping ~*~*~tactically~*~*~ (water).
   254 | D:1      | Reached skill level 6 in Ranged Weapons
   682 | D:1      | 682 ||| UPGRADING to +0 ring mail.
   692 | D:1      | 692 ||| DROPPING +0 leather armour.
   693 | D:1      | 693 ||| UPGRADING to +0 cloak.
   698 | D:1      | 698 ||| READING scroll labelled ZATYTE COAPECE.
   799 | D:1      | 799 ||| READING scroll labelled TURREA SURISCH.
   800 | D:1      | 800 ||| DROPPING scroll of butterflies.
   906 | D:2      | Reached XP level 3. HP: 20/20 MP: 5/5
   928 | D:2      | HP: 1/20 [sleepcap (6)]
   929 | D:2      | Slain by a sleepcap

Levels and vault maps discovered:
D:1:      lemuel_arrival_room, layout_rooms, serial_rivers,
          chequers_serial_rivers_micro_c, chequers_serial_rivers_room_b,
          chequers_serial_rivers_micro_d, chequers_serial_rivers_large_a,
          chequers_serial_rivers_large_b, chequers_serial_rivers_small_3,
          minmay_misc_feat_diagonals, minmay_box_of_dots
D:2:      layout_loops_corners, minmay_liquid_box, kennysheep_nub

Skill      XL: |  1  2 |
---------------+-------+-----
Ranged Weapons | 6 |  6.6
Fighting       | |  1.5
Dodging        | |  2.4
Stealth        | |  1.2

Action                     || total
---------------------------++-------
   Fire: Shortbow          ||    79
    Use: Scroll            ||     2
 Armour: Leather armour    ||    18
         Ring mail         ||     1
  Dodge: Dodged            ||    39

Table legend:
 A = Non-vault XP
 B = Vault XP
 C = Vault XP percentage of total XP
 D = Non-vault monster count
 E = Vault monster count
 F = Vault count percentage of total count
                 A         B        C        D         E       F
            +---------+---------+-------+---------+---------+-------
      Total |      39 |       4 |   9.3 |      23 |       3 |  11.5
            +---------+---------+-------+---------+---------+-------
        D:1 |      33 |       4 |  10.8 |      19 |       3 |  13.6
        D:2 |       6 |       0 |   0.0 |       4 |       0 |   0.0
            +---------+---------+-------+---------+---------+-------
